[Event "Indian Rapid Championship 2023-24"]
[Site "Nashik"]
[Date "2024.03.06"]
[Round "10.10"]
[White "Nithin Babu"]
[Black "Prraneeth Vuppala"]
[Result "1/2-1/2"]
[ECO "C78"]
[WhiteElo "2346"]
[BlackElo "2506"]
[Annotator "TA"]
[PlyCount "127"]
[EventDate "2024.03.02"]
[EventType "swiss"]
[EventCountry "IND"]
[SourceTitle "playchess.com"]
[Source "ChessBase"]
[SourceQuality "1"]
[TimeControl "900+10"]

1. e4 e5 2. Nf3 Nc6 3. Bb5 a6 4. Ba4 Nf6 5. O-O b5 6. Bb3 Bc5 7. c3 d6 8. d4 Bb6 9. Be3 O-O 10. Nbd2 h6 11. h3 Re8 12. Bc2 {[%emt 0:01:11] C78: Ruy Lopez: Archangelsk and Möller Defences.} Rb8 13. a3 exd4 14. cxd4 Ne7 15. b4 Bb7 $146 ({Predecessor:} 15... Ng6 16. Re1 Bb7 17. Qb1 Re7 18. a4 Qe8 19. d5 Bxe3 20. Rxe3 c6 21. axb5 axb5 22. dxc6 Bxc6 {½-½ Andersen,G (2247)-Bick,G (2391) Los Angeles 1000GM Spring op 2023 (8)}) 16. Bd3 Ng6 17. Qc2 Nh5 18. Rfe1 Nhf4 19. Bf1 Qf6 20. Rac1 Re7 21. g3 Ne6 22. d5 Bxe3 23. Rxe3 Ng5 24. h4 Nxf3+ 25. Rxf3 Qd4 26. Rc3 Ne5 27. Nb3 Qb6 28. Na5 Ng4 29. Bg2 f5 30. Nxb7 (30. exf5 Rbe8 31. f6 (31. Rxc7 $2 Rxc7 32. Nc6 Bc8 $19) 31... Re1+ 32. Rxe1 Rxe1+ 33. Bf1 Bxd5 $11) 30... Rxb7 31. exf5 Rb8 (31... Qd4 $16 32. Rd3 Qf6) 32. Bf3 $18 (32. Rxc7 $2 Rxc7 33. Bf3 Rxc2 $19) 32... Ne5 33. Be2 (33. Rxc7 $2 Nxf3+ 34. Kg2 Ne1+ 35. Rxe1 Qxc7 $19) 33... Rf8 34. Rxc7 Rxc7 35. Qxc7 Qd4 36. Qc3 Qxd5 {[%emt 0:00:18] [#]} (36... Qe4 $16 37. Qe3 Qxe3 38. fxe3 Rxf5) 37. f4 $1 $18 Nd7 38. Qd3 Rxf5 (38... Qxd3 {might work better.} 39. Bxd3 Re8) 39. Rc8+ $18 Nf8 40. Qxd5+ Rxd5 41. Bg4 (41. Kf2 $18) 41... Kf7 $16 42. Rc3 Ne6 (42... Rd2 $16 {was necessary.}) 43. f5 (43. Kf2 $18) 43... Nd4 $2 {[%emt 0:00:16][%mdl 8192] [#]} ({Black should play} 43... Nf8 $14) 44. Rd3 $1 $18 Kf6 45. Kf2 Ke5 46. Re3+ Kf6 47. Rd3 Ke5 48. Bh3 $2 (48. Rd2 $18) 48... Nc2 $1 $11 49. Rxd5+ Kxd5 50. g4 $1 Ke5 $1 (50... Nxa3 $2 {is the wrong capture.} 51. g5 hxg5 52. hxg5 $18) 51. g5 hxg5 (51... Nxa3 52. f6 hxg5 53. fxg7 gxh4 54. g8=Q $18 (54. g8=R Kd4 $18)) 52. hxg5 Nd4 $1 (52... Nxa3 $2 {perishes.} 53. f6 gxf6 54. g6 $18) 53. f6 $1 gxf6 54. gxf6 (54. g6 $5 Ne6 $8 55. Bg2 $11) 54... Kxf6 55. Bc8 Ke5 56. Bxa6 Ke4 57. Ke1 Kd5 58. Kd2 Kc4 59. a4 Kxb4 60. axb5 Nxb5 61. Bxb5 Kxb5 62. Kd3 Kc5 63. Kc3 Kd5 (63... d5 $5) 64. Kd3 1/2-1/2

[Event "Indian Rapid Championship 2023-24"]
[Site "Nashik"]
[Date "2024.03.06"]
[Round "11.1"]
[White "Ghosh, Diptayan"]
[Black "Ayush Sharma"]
[Result "1/2-1/2"]
[ECO "D02"]
[WhiteElo "2559"]
[BlackElo "2311"]
[Annotator "TA"]
[PlyCount "27"]
[EventDate "2024.03.02"]
[EventType "swiss"]
[EventCountry "IND"]
[SourceTitle "playchess.com"]
[Source "ChessBase"]
[SourceQuality "1"]
[TimeControl "900+10"]

1. Nf3 Nf6 2. g3 d5 3. Bg2 c5 4. O-O Nc6 5. d4 Bg4 6. Ne5 {[%emt 0:00:42] Und jetzt Nxg4 wäre schön.} Bf5 7. Nxc6 bxc6 8. dxc5 Qa5 {[%emt 0:00:45] [#]} (8... e5 $14) 9. c4 $1 $16 e6 10. Nd2 Qxc5 11. cxd5 Bc2 {[%emt 0:00:22] Es drohte Nb3} 12. Qe1 (12. b4 $1 $14 Qc3 (12... Qxb4 $2 {ist das falsche Schlagen.} 13. Qxc2 Qc5 14. Qxc5 $18) 13. Nb1) 12... cxd5 $11 13. Nb3 Qc4 14. Bd2 {[%emt 0:00:58] Gewichteter Fehlerwert: Weiß=0.13 (sehr präzise) /Schwarz=0.12 (sehr präzise) .  Fehler:       	Weiß=1     	Schwarz=1     Ungenau:       	Weiß=1     	---        OK:         	Weiß=5     	Schwarz=1     Bester:       	---       	Schwarz=1} 1/2-1/2

[Event "Indian Rapid Championship 2023-24"]
[Site "Nashik"]
[Date "2024.03.06"]
[Round "11.2"]
[White "Raja Rithvik R"]
[Black "Aronyak Ghosh"]
[Result "1/2-1/2"]
[ECO "E16"]
[WhiteElo "2532"]
[BlackElo "2517"]
[Annotator "TA"]
[PlyCount "46"]
[EventDate "2024.03.02"]
[EventType "swiss"]
[EventCountry "IND"]
[SourceTitle "playchess.com"]
[Source "ChessBase"]
[SourceQuality "1"]
[TimeControl "900+10"]

1. d4 Nf6 2. c4 e6 3. Nf3 b6 4. g3 Bb7 5. Bg2 Bb4+ 6. Bd2 c5 7. Bxb4 cxb4 8. O-O a5 9. a3 Na6 10. axb4 Nxb4 {[%emt 0:00:06] The position is equal.} 11. Nc3 O-O 12. Qd2 Rc8 13. b3 $1 Ne4 14. Nxe4 Bxe4 15. Ne5 Bxg2 16. Kxg2 d6 17. Nd3 Nxd3 18. Qxd3 d5 19. Rfc1 Qd6 20. Qc3 Rc6 21. c5 Qb8 22. Qd2 h6 23. Rab1 Qa8 {[%emt 0:00:12] An uneventful encounter.   Weighted Error Value: White=0.03 (flawless) /Black=0.02 (flawless) .  OK:         	White=4     	Black=10     Strong:       	White=1     	---} 1/2-1/2

[Event "Indian Rapid Championship 2023-24"]
[Site "Nashik"]
[Date "2024.03.06"]
[Round "11.3"]
[White "Srihari L R"]
[Black "Wagh Suyog"]
[Result "1/2-1/2"]
[ECO "D45"]
[WhiteElo "2490"]
[BlackElo "2250"]
[Annotator "TA"]
[PlyCount "129"]
[EventDate "2024.03.02"]
[EventType "swiss"]
[EventCountry "IND"]
[SourceTitle "playchess.com"]
[Source "ChessBase"]
[SourceQuality "1"]
[TimeControl "900+10"]

1. c4 Nf6 2. Nf3 e6 3. Nc3 d5 4. d4 c6 5. e3 Nbd7 6. Qc2 Bd6 7. b3 O-O 8. Be2 b6 9. O-O Bb7 10. Bb2 Qe7 11. Rad1 Rfe8 12. Rfe1 Rac8 13. e4 Nxe4 14. Nxe4 dxe4 15. Qxe4 Nf8 16. Bf1 Qc7 17. h4 c5 18. Qe3 f6 19. h5 Rcd8 20. Qc3 (20. dxc5 $15 Bxc5 21. Qe2) 20... h6 (20... cxd4 $17 21. Nxd4 Bh2+ 22. Kh1 Qf4) 21. d5 (21. Be2 $1 $11 {keeps the balance.}) 21... Qf7 22. dxe6 $2 (22. Nh4 $17) 22... Nxe6 $19 (22... Qxh5 23. Rd5 Bxd5 24. cxd5 $17) 23. g3 Qxh5 24. Bg2 Qf7 $2 (24... Be5 $19 25. Rxd8 Bxc3 26. Rxe8+ Qxe8 27. Bxc3 Qf7) 25. Qc2 Bf8 26. Rxd8 Nxd8 27. Rxe8 Qxe8 28. Qd3 Be4 29. Qe3 Bc6 30. Qd3 Qd7 31. Qe2 Qe6 32. Qd3 Nf7 33. Bc3 Qe4 34. Qd1 Qe6 35. Qd3 $1 Qd7 36. Qe2 Qb7 37. a3 Qe7 38. Qd2 Qe6 39. Qd3 Qe4 40. Qd1 Qe8 41. Qd3 Qd7 42. Qe2 Qe8 43. Qd3 $1 Be4 44. Qe3 Qa8 45. Qe2 Qb7 46. Qe3 Bc6 (46... Bd6 $17 47. a4 Qe7) 47. b4 (47. Qe2 $1 $11 {was the only way to keep the balance.}) 47... Qe7 48. Qd2 Qe6 49. b5 Be4 50. Qe2 {[%emt 0:00:04] [#]} (50. Qe1 $17 {was necessary.}) 50... Bf5 (50... Qg4 $1 $19 51. a4 Bg6 (51... Ng5 $2 52. Nd4 $19)) 51. Qf1 $17 Qd7 52. Nh4 Be6 (52... Bd3 $17 53. Qd1 Qd6) 53. Bc6 $15 Qc8 54. Qe2 (54. Ng2 $15) 54... Nd6 $19 55. Ng6 Bxc4 56. Ne7+ Bxe7 57. Qxe7 Nf7 $2 (57... Nxb5 $19 58. Bd7 Qf8) 58. Qxa7 $11 Qh3 59. Bg2 Qe6 60. a4 ({But not} 60. Bc6 Ng5 (60... Qe2 61. Qa8+ Kh7 62. Be4+ g6 63. Bg2 $11) 61. Qxb6 Qe2 62. Qd8+ (62. Qxc5 $2 Nh3+ 63. Kh2 Nxf2 $17) 62... Kh7 $15) 60... Ng5 61. a5 Qd6 62. Qxb6 (62. Qa8+ $11 {remains equal.} Kf7 63. axb6 Qd1+ (63... Qxb6 $2 {loses.} 64. Bc6 $18) 64. Kh2 Qh5+ 65. Kg1 Qd1+ 66. Kh2 Qh5+ 67. Kg1 Qd1+) 62... Qd1+ $17 63. Kh2 Qh5+ 64. Kg1 {[%emt 0:00:01] [#]} Qd1+ ({Better is} 64... Nf3+ $1 $17 65. Bxf3 Qxf3 66. Qd8+ Kh7) 65. Kh2 1/2-1/2

[Event "Indian Rapid Championship 2023-24"]
[Site "Nashik"]
[Date "2024.03.06"]
[Round "11.4"]
[White "Das, Arghyadip"]
[Black "Mitrabha, Guha"]
[Result "1-0"]
[ECO "C02"]
[WhiteElo "2405"]
[BlackElo "2526"]
[Annotator "ChessBase"]
[PlyCount "105"]
[EventDate "2024.03.02"]
[EventType "swiss"]
[EventCountry "IND"]
[SourceTitle "playchess.com"]
[Source "ChessBase"]
[SourceQuality "1"]
[TimeControl "900+10"]

1. e4 e6 2. d4 d5 3. e5 c5 4. c3 Nc6 5. Nf3 Qb6 6. a3 c4 7. Nbd2 Na5 8. g3 Bd7 9. Bh3 Ne7 10. O-O Qc7 11. Ne1 Nc8 12. Ng2 Nb6 13. Ne3 O-O-O 14. f4 g6 15. Rb1 Kb8 16. Nf3 Nb3 17. Bd2 Ba4 18. Qe2 Nxd2 19. Qxd2 Nc8 20. Bg2 Ne7 21. g4 h5 22. h3 hxg4 23. hxg4 Bh6 24. Ng5 Rdf8 25. Rf3 Bd7 26. Nh3 Bg7 27. g5 Rh4 28. Nf2 Rfh8 29. Kf1 Ba4 30. Ke2 a5 31. Rh1 b5 32. Rfh3 Rxh3 33. Rxh3 Rxh3 34. Bxh3 Nc6 35. Nfg4 b4 36. axb4 axb4 37. Nf6 Na7 38. Qc1 Nb5 39. Qa1 Qa7 40. Kd2 Qa5 41. Nd7+ Kc7 42. Nc5 bxc3+ 43. bxc3 Nxd4 44. Qxa4 Nb3+ 45. Ke2 Qxc5 46. Qe8 Qf8 47. Nxd5+ exd5 48. Qd7+ Kb6 49. Qxd5 Qa3 50. Qd8+ Kc6 51. Bg2+ Kb5 52. Qd7+ Kb6 53. Qb7+ 1-0

[Event "Indian Rapid Championship 2023-24"]
[Site "Nashik"]
[Date "2024.03.06"]
[Round "11.5"]
[White "Aradhya, Garg"]
[Black "Sriram, Jha"]
[Result "1-0"]
[ECO "D10"]
[WhiteElo "2385"]
[BlackElo "2312"]
[Annotator "TA"]
[PlyCount "131"]
[EventDate "2024.03.02"]
[EventType "swiss"]
[EventCountry "IND"]
[SourceTitle "playchess.com"]
[Source "ChessBase"]
[SourceQuality "1"]
[TimeControl "900+10"]

1. d4 d5 2. c4 c6 3. cxd5 cxd5 4. Bg5 Nc6 5. Nc3 h6 6. Bh4 Qa5 7. e3 e6 8. Bd3 {[%emt 0:00:29] White is slightly better.} Be7 9. Bxe7 Ngxe7 10. Nf3 O-O 11. O-O Bd7 12. a3 Rfc8 13. b4 Qd8 14. Qd2 Be8 15. Rfc1 f6 16. Na4 Bf7 17. Nc5 b6 18. Na6 Qd6 19. Rc3 e5 {[%emt 0:00:21] Threatens to win with ...e4.} 20. Be2 e4 21. Ne1 Nd8 22. Rac1 Rxc3 23. Rxc3 Rc8 24. b5 Qd7 25. Nc2 Nf5 (25... Nb7 $11) 26. Ncb4 $14 Nd6 27. a4 Be6 {[%emt 0:00:15] Black is now going downhill.} ({Black should try} 27... Nc4 $14 28. Bxc4 Rxc4) 28. Qc2 {[%emt 0:00:25] White is more active.} Rxc3 29. Qxc3 N6b7 (29... Nf5 $16 {might work better.} 30. Qc7 Qxc7 31. Nxc7 Ne7) 30. Qc7 $18 Qf7 (30... Qxc7 $142 31. Nxc7 Kf7 32. Nbxd5 (32. Ncxd5 Nd6 $18) 32... Bf5) 31. Qxf7+ Kxf7 32. Nc7 Ke7 (32... Nd6 {keeps fighting.} 33. Kf1 (33. Nbxd5 Bxd5 34. Nxd5 N8b7 $18) 33... f5) 33. Ncxd5+ Kd6 (33... Kd7 $142 34. Bd1 Bg8) 34. Nc3 f5 {[%emt 0:00:02] [#]} 35. g4 $1 g6 (35... fxg4 36. Nxe4+) 36. h4 Na5 37. h5 gxh5 38. gxf5 ({Not} 38. gxh5 Bf7 $16) 38... Bxf5 39. Bxh5 Nc4 40. Kg2 Ne6 41. Bf7 Nb2 42. Kg3 Ng5 43. Bb3 Nd3 44. Nc6 Nf3 45. Bd1 (45. Nxa7 h5 46. Bd1 h4+ 47. Kg2 h3+ 48. Kg3 Nd2 $11) 45... Nd2 46. Nxa7 Nc4 47. Nc6 Nd2 48. a5 bxa5 49. Nxa5 Kc7 50. Nd5+ Kd6 {[%emt 0:00:12] [#]} 51. b6 $1 {[%emt 0:00:05][%cal Bb5b6,Bb6b7][%mdl 32] Hoping for b7.} Bc8 52. Nc3 Ba6 53. Be2 Kd7 54. Bg4+ Kd6 55. b7 Kc7 56. Nd5+ Kb8 57. Bc8 Bb5 {[%emt 0:00:13] Wards off Nc6+} 58. Ne7 Nb4 {[%emt 0:00:01] Against Nec6+} 59. d5 Nc4 60. Nac6+ Bxc6 61. Nxc6+ Nxc6 62. dxc6 {[%emt 0:00:01] KB-KN} Ne5 63. Bd7 Kc7 64. Be8 (64. Kf4 $142 Nd3+ 65. Kxe4 Nc5+ 66. Kd4 Na6 67. e4 Kd8 68. e5 h5 69. e6 (69. Kd5 Ke7 70. e6 Kf6 71. Kd6 h4 72. e7 Nb8 73. e8=Q h3 74. Qxb8 Kf7)) 64... h5 65. Bxh5 Nxc6 66. Bg6 {[%emt 0:00:01] Weighted Error Value: White=0.08 (flawless) /Black=0.24 (precise) .  Mistake:       	---       	Black=6      Inaccurate:     	White=1     	Black=2      OK:         	White=22    	Black=20} 1-0

[Event "Indian Rapid Championship 2023-24"]
[Site "Nashik"]
[Date "2024.03.06"]
[Round "11.6"]
[White "Sammed Jaykumar, Shete"]
[Black "Shahil Dey"]
[Result "1-0"]
[ECO "C54"]
[WhiteElo "2404"]
[BlackElo "2332"]
[Annotator "ChessBase"]
[PlyCount "73"]
[EventDate "2024.03.02"]
[EventType "swiss"]
[EventCountry "IND"]
[SourceTitle "playchess.com"]
[Source "ChessBase"]
[SourceQuality "1"]
[TimeControl "900+10"]

1. e4 e5 2. Bc4 Nc6 3. Nf3 Bc5 4. c3 Nf6 5. d3 d6 6. Bb3 a5 7. O-O Ba7 8. Nbd2 O-O 9. h3 Be6 10. Bc2 d5 11. exd5 Nxd5 12. Re1 Re8 13. Ne4 h6 14. Ng3 Qd6 15. Nh4 Qd7 16. Qf3 Rad8 17. Nhf5 Bxf5 18. Nxf5 Re6 19. Qh5 Rf6 20. d4 exd4 21. Bxh6 g6 22. Qh4 Rxf5 23. Bxf5 Qxf5 24. c4 Ndb4 25. Bg5 Rf8 26. g4 Ne5 27. Rxe5 Qxe5 28. Bf6 Qxf6 29. Qxf6 Re8 30. Rd1 c5 31. h4 Nc6 32. h5 Re6 33. Qg5 Ne5 34. Kg2 Nxc4 35. Qd8+ Kh7 36. Qf8 Nd6 37. h6 1-0

[Event "Indian Rapid Championship 2023-24"]
[Site "Nashik"]
[Date "2024.03.06"]
[Round "11.7"]
[White "Karthik Venkataraman"]
[Black "Pimpalkhare Vedant"]
[Result "1-0"]
[ECO "D41"]
[WhiteElo "2609"]
[BlackElo "2254"]
[Annotator "TA"]
[PlyCount "171"]
[EventDate "2024.03.02"]
[EventType "swiss"]
[EventCountry "IND"]
[SourceTitle "playchess.com"]
[Source "ChessBase"]
[SourceQuality "1"]
[TimeControl "900+10"]

1. d4 e6 2. c4 Nf6 3. Nf3 d5 4. Nc3 c5 5. cxd5 Nxd5 6. e4 Nxc3 7. bxc3 cxd4 8. cxd4 Bb4+ 9. Bd2 Bxd2+ 10. Qxd2 O-O 11. Bc4 Nd7 12. O-O b6 13. Rfe1 Bb7 14. Rad1 Rc8 {[%emt 0:00:01] D41: Damengambit (Verbesserte Tarrasch-Verteidigung).} 15. Bb3 Re8 16. h3 b5 17. d5 exd5 18. exd5 Rxe1+ 19. Rxe1 Qf6 $146 ({Predecessor:} 19... Nf6 20. d6 Bxf3 21. gxf3 Rc6 22. Qe3 Rxd6 23. Qxa7 Rd7 24. Qc5 Rb7 25. Rd1 Qe8 {½-½ Deac,B (2643)-Tarlev,K (2568) ROM-chT Mamaia 2021 (11.2)}) 20. Ng5 h6 21. Ne4 Qg6 22. Qf4 Re8 23. Re3 Re5 24. Nc3 Rxe3 25. Qxe3 b4 26. Qe8+ Nf8 27. Ne4 Qf5 28. Ng3 Qd7 29. Qe5 f6 $2 (29... Qc8 30. Qe7 Qc1+ 31. Kh2 Bc8 32. Qxb4 a6) 30. d6+ $18 Kh7 31. Bc2+ $2 (31. Qe7 {jetzt Nh5 und aus.} Qc6 32. f3 (32. Qxf8 $2 Qxg2#)) 31... Kg8 $18 32. Qe7 $1 Qc6 $2 (32... Bd5 33. Nh5 Qxe7 34. dxe7 Kf7) 33. Bb3+ $18 Kh7 34. f3 (34. Qxf8 $2 Qxg2#) 34... Ng6 35. Qe6 Ne5 36. Nh5 $2 (36. Qg8+ Kg6 37. h4) 36... Qc1+ $2 (36... Kg6) 37. Kh2 $18 Nxf3+ 38. gxf3 Qd2+ 39. Kg3 Qg5+ 40. Qg4 Qe5+ 41. Kf2 Qb2+ 42. Kg3 $2 (42. Bc2+ $1 {setzt Matt} Qxc2+ 43. Kg3 Qg6 44. d7 f5 45. Qxg6+ (45. d8=Q $2 fxg4 46. hxg4 Qc6 $19) 45... Kxg6 46. d8=Q (46. d8=R Kxh5 47. Rd7 f4+ 48. Kxf4 g5+ 49. Kg3 Bc8 $18) (46. Nf4+ Kf7 47. d8=Q Bc6 48. Qc7+ Kf8 49. Ne6+ Ke8 50. Nxg7+ Kf8 51. Nxf5 Bd7 52. Qxd7 h5 53. Qg7+ Ke8 54. Qe7#) 46... Kxh5 47. Qe8+ Kg5 48. Qe7+ Kg6 49. Qxb7) 42... Qe5+ $18 43. Nf4 Qe1+ 44. Kh2 Qd2+ 45. Kg1 Qe1+ 46. Kh2 Qd2+ 47. Ng2 Qxd6+ 48. Qg3 Qd3 {[%emt 0:00:30] [#]} (48... Qxg3+ $16 49. Kxg3 g6) 49. Ne1 $2 (49. Qb8 $1 $18 {Droht Matt per Bg8+.} Bd5 50. Qd6 (50. Qxb4 Qxf3 51. Bxd5 Qxd5 $14) (50. Qxa7 Bxb3 51. axb3 Qxb3 $11)) 49... Qe2+ 50. Kg1 Qe3+ 51. Qf2 Qg5+ 52. Ng2 Qc1+ 53. Kh2 Qc7+ 54. Qg3 Qc3 55. Bf7 g5 56. Qb8 Qe5+ 57. Qxe5 fxe5 {[%emt 0:00:01] [#]} 58. Kg3 $1 Kg7 59. Bc4 a5 (59... Bc6 $16 {kämpft weiter.} 60. Ne3 h5) 60. Ne3 $18 a4 $2 (60... e4 $16 61. f4 Bc8) 61. Nc2 b3 62. axb3 axb3 63. Bxb3 e4 $2 (63... Kf6 64. Ne3 Bc8) 64. f4 $18 gxf4+ 65. Kxf4 Kg6 66. Ne3 Bc8 67. h4 Kh5 68. Ng2 Kg6 69. Bd5 Bh3 70. Bxe4+ Kh5 71. Bf3+ Kg6 72. Ne3 Bc8 73. Ke5 (73. h5+ $142 Kg7 74. Nf5+ Kh7 75. Nd4 Kh8 76. Nf5 Bd7 77. Nxh6 Be8 78. Nf5) 73... Kg7 74. h5 Bd7 75. Bg4 Be8 76. Nf5+ Kh7 77. Kf6 Ba4 78. Nd6 Bb3 79. Bf5+ Kh8 80. Kg6 Ba2 81. Kxh6 Bb3 82. Be4 Ba2 83. Nf5 Bb3 84. Ne7 Bc4 85. Ng6+ Kg8 86. Bd5+ 1-0

[Event "Indian Rapid Championship 2023-24"]
[Site "Nashik"]
[Date "2024.03.06"]
[Round "11.8"]
[White "Prraneeth Vuppala"]
[Black "Mrudul Dehankar"]
[Result "1/2-1/2"]
[ECO "E11"]
[WhiteElo "2506"]
[BlackElo "1981"]
[Annotator "TA"]
[PlyCount "171"]
[EventDate "2024.03.02"]
[EventType "swiss"]
[EventCountry "IND"]
[SourceTitle "playchess.com"]
[Source "ChessBase"]
[SourceQuality "1"]
[TimeControl "900+10"]

1. d4 Nf6 2. c4 e6 3. Nf3 Bb4+ 4. Bd2 Qe7 5. e3 Nc6 6. Bd3 Bxd2+ 7. Qxd2 d6 8. Nc3 {[%emt 0:01:01] White has an edge.} e5 {[%emt 0:00:15] Threatens to win with ...e4.} 9. Nd5 Qd8 10. O-O-O O-O 11. Ng5 (11. dxe5 $11 Nxe5 12. Nxe5 dxe5 13. Nc3) 11... Nxd5 $1 $17 12. cxd5 (12. Nxh7 Ndb4 13. Nxf8 Nxd3+ (13... Kxf8 14. Bb1 $15) 14. Qxd3 Kxf8 $15 (14... Qxf8 $2 15. h4 $19)) 12... Qxg5 13. dxc6 bxc6 14. h4 Qf6 15. Qc2 h6 ({Black should try} 15... exd4 $17 16. Bxh7+ Kh8) 16. Qxc6 $11 Rb8 17. Qe4 g6 $40 {[%emt 0:02:24][%mdl 128] Black mounts an attack.} (17... Qxf2 18. Qh7#) 18. dxe5 dxe5 {[%emt 0:00:16][%cal Oc8f5] White must now prevent ...Bf5!} (18... Qxf2 19. Rd2 Qg3 20. exd6 $11) 19. Bc2 (19. Qf3 $15 Qb6 20. Rd2) 19... Bf5 20. Qa4 Bxc2 21. Qxc2 Rb6 $1 22. Kb1 (22. Qxc7 $2 {perishes.} Rc6+ $19 (22... Qxf2 23. Qxe5 Qxg2 24. Kb1 $17) (22... Qxf2 23. Qxe5 Qxg2 24. Rh2 $17)) 22... Rfb8 23. Rd2 Rxb2+ 24. Qxb2 Qf5+ $1 ({Don't play} 24... Rxb2+ 25. Kxb2 Qe7 26. Rc2) 25. Ka1 Rxb2 26. Rxb2 $17 {[%emt 0:00:01][%mdl 4096] Endgame. KQ-KRR} Qe4 27. f3 Qxe3 28. h5 (28. Rc2 $142) 28... g5 $19 29. Rd1 Qc3 30. Kb1 Kg7 31. Rc2 Qb4+ 32. Ka1 c5 33. Rdc1 (33. Rd5 $142) 33... Qd4+ 34. Kb1 Qd3 ({Worse is} 34... g4 35. Rxc5 gxf3 36. gxf3 $11) (34... e4 $19 {...exf3 would now be deadly.} 35. fxe4 Qxe4) 35. Kb2 (35. Re1 $17) 35... Qd4+ $2 (35... g4 $1 $19 36. Rxc5 gxf3) 36. Rc3 $2 (36. Kb1 $11 {and White is okay.}) 36... a5 37. a3 Kf6 38. Ka2 Qd5+ 39. Kb1 Qb7+ 40. Ka1 Qd5 {[%emt 0:00:12] Against Rc4} (40... g4 $19 {Strongly threatening ...Qd5.} 41. Rxc5 gxf3 42. Rc6+ Kg5 43. gxf3 Qd7 (43... Kxh5 $2 44. R6c5 $19)) 41. Rxc5 $2 (41. Kb1 $1 $11 {and White stays safe.} g4 42. fxg4) 41... Qd4+ $1 42. Ka2 {[%emt 0:00:07][%cal Oc5c4] [#]} Kg7 (42... g4 $1 $19 {aiming for ...gxf3.} 43. fxg4 Qxg4 (43... Kg5 $2 44. R1c4 $19)) 43. R1c2 Qd3 44. R5c3 (44. R2c3 $15 Qd7 45. Rxa5) 44... Qd5+ $17 45. Rc4 Qb5 (45... g4 $1 $17 46. R2c3 e4 47. fxe4 Qxh5) 46. a4 Qd5 47. Kb2 Qd3 48. Re4 Qd5 (48... f5 $15 {is superior.} 49. Rec4 e4) 49. Rce2 Qb7+ 50. Kc2 Qd5 51. Kc3 Qc5+ 52. Kd2 Kf6 53. R2e3 Kg7 54. Ke1 Qc2 55. Re2 Qc3+ 56. Kf2 Qc5+ 57. Kg3 Kf6 58. Kh2 Ke6 59. g3 {[%emt 0:00:27] [#]} (59. g4 $11 {remains equal.}) 59... f6 (59... f5 $1 $17 60. R4e3 e4) 60. f4 gxf4 61. gxf4 Qc3 {[%emt 0:00:12] Hoping for ...Qf3.} 62. fxe5 fxe5 63. Kg2 Kf5 64. R4e3 Qc6+ 65. Kh2 e4 66. Rxe4 Qxe4 67. Rxe4 Kxe4 $11 {[%emt 0:00:01] KPP-KPP} 68. Kg3 Kf5 69. Kf3 Kg5 70. Ke4 Kxh5 {[%emt 0:00:06] KPP-KP} 71. Kf5 Kh4 72. Kf4 $1 {[%emt 0:00:01] The position is equal.} h5 73. Kf3 Kh3 (73... Kg5 $5 74. Kg3 $8 h4+ 75. Kg2 Kg4 $11) 74. Kf4 Kh4 (74... h4 $5 75. Kf3 $8 Kh2 $11) 75. Kf3 Kh3 (75... Kg5 $5 76. Kg3 $8 Kf5 $11) 76. Kf4 Kh4 (76... Kg2 $5 77. Kg5 $8 Kf2 $11) 77. Kf3 Kg5 (77... Kh3 $5) 78. Kg3 Kf5 79. Kh4 Ke4 80. Kxh5 {[%emt 0:00:01] KP-KP} Kd4 81. Kg4 Kc4 82. Kf3 Kb3 83. Ke2 Kxa4 84. Kd2 Kb3 {[%emt 0:00:08] ( -> ...Kb2)} 85. Kc1 Ka2 (85... a4 $5) 86. Kc2 {[%emt 0:00:01] Weighted Error Value: White=0.29 (precise) /Black=0.27 (precise) .  Loses game:     	White=2     	---        Missed win:     	---       	Black=3      Mistake:       	White=7     	Black=6      Inaccurate:     	White=4     	Black=1      OK:         	White=22    	Black=18     Best:        	White=13    	Black=7      Strong:       	White=1     	Black=3} 1/2-1/2

[Event "Indian Rapid Championship 2023-24"]
[Site "Nashik"]
[Date "2024.03.06"]
[Round "11.9"]
[White "Nithin Babu"]
[Black "Nitin, S.."]
[Result "1-0"]
[ECO "B81"]
[WhiteElo "2346"]
[BlackElo "2338"]
[Annotator "TA"]
[PlyCount "53"]
[EventDate "2024.03.02"]
[EventType "swiss"]
[EventCountry "IND"]
[SourceTitle "playchess.com"]
[Source "ChessBase"]
[SourceQuality "1"]
[TimeControl "900+10"]

1. e4 c5 2. Nf3 e6 3. d4 cxd4 4. Nxd4 Nf6 5. Nc3 d6 6. g4 h6 7. Rg1 Nc6 8. Be3 a6 9. Be2 Bd7 (9... e5 $14 10. Nb3 Be6) 10. h4 $16 {[%emt 0:00:31] White is more active.} Nxd4 11. Qxd4 e5 {[%emt 0:00:37] White is better.} 12. Qd2 Bc6 13. Bf3 Nd7 14. g5 hxg5 15. hxg5 Qa5 16. O-O-O O-O-O 17. Kb1 Kb8 18. Be2 Nc5 19. Bc4 Rd7 20. Bd5 (20. Qe2 $142) 20... Bxd5 $2 (20... Na4 $16) 21. Qxd5 $18 {[%emt 0:00:03] [#] Bxc5 would now be deadly.} ({Worse is} 21. Nxd5 Qxd2 22. Bxd2 Nxe4 $11) 21... Rc7 22. Bxc5 (22. Rh1 $18 {has better winning chances.} Rxh1 23. Rxh1) 22... Qxc5 $16 23. Qxc5 Rxc5 ({Better is} 23... dxc5 $14 24. Nd5 Rd7) 24. Nd5 Rh2 25. Rdf1 Rc4 {[%emt 0:00:54] [#]} 26. Rh1 $1 Rg2 (26... Rxh1 27. Rxh1 Rc8 (27... Rxe4 $2 {perishes.} 28. c3 $18)) 27. Ne3 {[%emt 0:00:09][%csl LRc4,LRg2] Weighted Error Value: White=0.19 (very precise) /Black=0.55.  Loses game:     	---       	Black=1      Mistake:       	White=2     	Black=2      Inaccurate:     	White=1     	Black=2      OK:         	White=3     	Black=5      Best:        	White=3     	---        Strong:       	White=1     	---} 1-0

[Event "Indian Rapid Championship 2023-24"]
[Site "Nashik"]
[Date "2024.03.06"]
[Round "11.10"]
[White "Raahul V S"]
[Black "Sai Agni Jeevitesh, J."]
[Result "1-0"]
[ECO "A28"]
[WhiteElo "2314"]
[BlackElo "2285"]
[Annotator "ChessBase"]
[PlyCount "107"]
[EventDate "2024.03.02"]
[EventType "swiss"]
[EventCountry "IND"]
[SourceTitle "playchess.com"]
[Source "ChessBase"]
[SourceQuality "1"]
[TimeControl "900+10"]

1. c4 e5 2. Nc3 Nf6 3. Nf3 Nc6 4. e3 Be7 5. d4 exd4 6. Nxd4 O-O 7. Be2 d6 8. O-O Bd7 9. b3 Re8 10. Bb2 Bf8 11. Nd5 Nxd5 12. cxd5 Nb4 13. Nf3 a5 14. Qd2 Bf5 15. a3 Na6 16. Qxa5 Nc5 17. Qc3 Ne4 18. Qd4 Nc5 19. Qc4 Re4 20. Nd4 Bg6 21. Bf3 Rh4 22. Rfd1 Qg5 23. g3 Rh6 24. Ne2 b5 25. Qxb5 Be4 26. Bxe4 Nxe4 27. Qc4 Re8 28. Nf4 Qf5 29. Qe2 Be7 30. f3 Ng5 31. g4 Qd7 32. Nh5 f5 33. Rf1 g6 34. Nf4 fxg4 35. fxg4 Rh4 36. Kh1 Rxg4 37. Ne6 Re4 38. Qg2 Rxe6 39. dxe6 Qxe6 40. Rf4 d5 41. Raf1 Ne4 42. b4 c5 43. bxc5 Bxc5 44. R4f3 Rb8 45. a4 Qb6 46. Ba1 Bxe3 47. Qe2 Bd4 48. Qd3 Bxa1 49. Qxd5+ Kh8 50. Rxa1 Re8 51. Raf1 Qb4 52. Qd7 Re7 53. Qd8+ Kg7 54. Qf8# 1-0